 Dungeon Crawl Stone Soup version 0.31-a0-819-gf6de2f5ab6 (webtiles) character file.

Game seed: 4547982778223829716

35194 qw the Marksgargoyle (level 13, -3/84 HPs)
             Began as a Gargoyle Hunter on Sept 23, 2023.
             Was an Elder of Okawaru.
             Slain by an elephant (6 damage)
             ... on level 4 of the Lair of Beasts.
             The game lasted 00:07:42 (15010 turns).

qw the Marksgargoyle (Gargoyle Hunter)             Turns: 15010, Time: 00:07:43

Health: -3/84      AC: 19    Str: 16    XL:     13   Next: 82%
Magic:  19/20      EV: 19    Int: 10    God:    Okawaru [****..]
Gold:   526        SH:  0    Dex: 17    Spells: 12/12 levels left

rFire   . . .        Y - +1 longbow
rCold   + . .        (shield currently unavailable)
rNeg    + . .        q - +2 robe {rC+}
rPois   inf          (no helmet)
rElec   +            (no cloak)
rCorr   .            i - +0 pair of gloves
SInv    +            (no boots)
Will    .....        d - amulet of faith
Stlth   +++          p - +4 ring of protection
HPRegen 0.34/turn    l - ring of see invisible
MPRegen 0.17/turn

%: faith
@: about to teleport, heroic
A: sickness immunity, AC +9, negative energy resistance 1, electricity
resistance, torment resistance 1, petrification resistance
a: Renounce Religion, Heroism, Finesse


You were on level 4 of the Lair of Beasts.
You worshipped Okawaru.
Okawaru was greatly pleased with you.
You visited 3 branches of the dungeon, and saw 16 of its levels.
You also visited: Ossuary.

You collected 958 gold pieces.
You spent 432 gold pieces at shops.


Innate Abilities, Weirdness & Mutations

You are immune to sickness and miasma.
Your stone body is resilient. (AC +9)
You are immune to poison.
You resist negative energy. (rN+)
You are resistant to electric shocks. (rElec)
You are resistant to unholy torment.
You are immune to petrification.


   Skills:
 - Level 11.0(16.0) Fighting
 + Level 17.8(22.8) Ranged Weapons
 - Level 3.1(8.1) Armour
 - Level 6.2(11.2) Dodging
 - Level 1.1(6.1) Stealth
 - Level 10.0 Invocations


You had 12 spell levels left.
You didn't know any spells.
Your spell library was empty.

Inventory:

Hand Weapons
 Y - a +1 longbow (weapon)
Armour
 h - +0 acid dragon scales
 i - a +0 pair of gloves (worn)
 j - a +0 cloak
 q - a +2 robe of cold resistance (worn)
 r - the +1 leather armour of Kurghae {rPois Will+}
   (You found it on level 11 of the Dungeon)

   rPois:     It protects you from poison Will+: It increases your willpower.
Jewellery
 d - an amulet of faith (around neck)
 l - a ring of see invisible (right hand)
 o - a ring of positive energy
 p - a +4 ring of protection (left hand)
Scrolls
 a - 4 scrolls of identify
 n - 2 scrolls of teleportation
Potions
 b - a potion of might
 c - 9 potions of curing
 e - 4 potions of haste
 f - 2 potions of cancellation
 g - 3 potions of enlightenment
 m - a potion of mutation
 s - a potion of resistance

Dungeon Overview and Level Annotations

Branches:
Dungeon (11/15)            Temple (1/1) D:5            Lair (4/5) D:11
  Swamp (0/4) Lair:2        Snake (0/4) Lair:2          Orc (0/2) D:10
Ossuary (visited)
  Slime: Lair:4-5

Altars:
Ashenzari
Cheibriados
Dithmenos
Elyvilon
Fedhas
Gozag
Hepliaklqana
Kikubaaqudgha
Makhleb
Nemelex Xobeh
Okawaru
Qazlal
Ru
Sif Muna
Trog
Uskayaw
Vehumet
Wu Jian
Xom
Yredelemnul
Zin
The Shining One

Shops:
D:10 !

Annotations:
D:6 1 runed translucent door, qw's ghost, weakling MiHs
Lair:2 2 runed translucent doors, qw's ghost, journeyman MiHs
Lair:3 2 transporters, qw's ghost, journeyman MiHs


Message History

The arrow hits the elephant.
The elephant is lightly wounded.
The elephant tramples you!
You hold your ground!
The elephant trunk-slaps you but does no damage.
15003 ||| INVOKING Heroism.
You gain the combat prowess of a mighty hero.
The elephant tramples you!
You hold your ground!
The elephant trunk-slaps you but does no damage.
The elephant barely misses you. The elephant closely misses you.
You shoot an arrow. The arrow barely misses the elephant.
The arrow hits the elephant!
The elephant is lightly wounded.
The elephant misses you. x2
You shoot an arrow. The arrow hits the elephant.
The elephant is severely wounded.
The elephant misses you. x2
An elephant comes into view.
The elephant closely misses you. The elephant misses you.
You shoot an arrow. The arrow barely misses the elephant.
The elephant trumpets!
The elephant tramples you!
You hold your ground!
The elephant trunk-slaps you but does no damage.
You shoot an arrow. The arrow hits the elephant.
The elephant is almost dead.
The elephant barely misses you. The elephant closely misses you.
You shoot an arrow. The arrow hits the elephant!!
You kill the elephant!
Okawaru accepts your kill. The elephant tramples you!
You hold your ground!
The elephant completely misses you.
15009 ||| READING 3 scrolls of teleportation.
As you read the scroll of teleportation, it crumbles to dust.
You feel strangely unstable. The elephant tramples you!
You hold your ground!
The elephant misses you. The elephant barely misses you.
The elephant trunk-slaps you but does no damage.
You shoot an arrow. The arrow hits the elephant!!
The elephant is heavily wounded.
The elephant tramples you.
You die...

...#.... .....#
##.>.# ######..(#
##..##...## ###
#.......## ###.#
##.#.YY.######P.#####
####Y#.#.##^....P#.#
#@#.......%......#
#.Y...............
##................
#P...#....)......
#....#...........
#....##...........
#....###..........
#...P# #PP(.......
.....# #.........


You could see 4 elephants.

Vanquished Creatures
  Josephine (D:11)
  Erolcha (D:9)
  A catoblepas (Lair:3)
  2 hydras (Lair:3)
  4 two-headed ogres
  3 centaur warriors (D:9)
  A tengu warrior (D:11)
  A wizard (D:9)
  4 bog bodies (Lair:2)
  Pikel (D:5)
  2 ugly things
  4 elephants
  A manticore (D:9)
  A black mamba (Lair:3)
  Jeremiah (D:6)
  8 cane toads
  An unseen horror (D:10)
  3 komodo dragons
  A troll (D:9)
  Prince Ribbit (D:9)
  5 dream sheep (Lair:3)
  9 blink frogs
  A slime creature (D:9)
  3 wyverns
  A basilisk (Lair:3)
  40 yaks
  5 wraiths (D:11)
  2 steam dragons
  Menkaure (D:4)
  Edmund (D:5)
  3 acid dragons
  A swamp worm (Lair:2)
  2 nagas (Lair:2)
  9 water moccasins
  A sky beast (D:6)
  6 orc warriors
  2 black bears
  3 ice beasts
  5 wolves (Lair:1)
  2 ogres
  A boggart (D:9)
  5 centaurs
  2 phantoms (D:4)
  3 gnoll sergeants
  A kobold brigand (D:7)
  10 bullfrogs
  11 scorpions
  6 wights
  11 killer bees
  An electric eel (Lair:2)
  2 howler monkeys (D:7)
  2 human zombies (Ossuary)
  2 centaur zombies (Ossuary)
  2 gnoll boudas
  5 hounds
  2 jellies (D:6)
  2 orc priests
  7 scorpion zombies (Ossuary)
  6 orc wizards
  6 iguanas
  5 hell rats (Lair:2)
  3 mummies (Ossuary)
  12 adders
  24 gnolls
  2 shadow imps (D:6)
  A white imp (D:5)
  2 ufetubi
  A worm (D:3)
  33 orcs
  5 bats
  3 endoplasms
  2 giant cockroaches (D:1)
  2 gnoll zombies (Ossuary)
  6 hobgoblins
  5 jackals
  13 kobolds
  2 quokkas (D:1)
  2 ball pythons (D:1)
  8 goblins
  A hobgoblin zombie (Ossuary)
  3 orc zombies (Ossuary)
  2 rats (D:1)
368 creatures vanquished.

Notes
Turn   | Place    | Note
-------+----------+-------------------------------------------
     0 | D:1      | qw the Gargoyle Hunter began the quest for the Orb.
     0 | D:1      | Reached XP level 1. HP: 12/12 MP: 1/1
     0 | D:1      | 0 ||| qw: Version: 0.3-a-83-gcd0e7d8
     0 | D:1      | 0 ||| qw: Game counter: 1501
     0 | D:1      | 0 ||| qw: Melee chars always use a shield: true
     0 | D:1      | 0 ||| qw: God list: Okawaru
     0 | D:1      | 0 ||| qw: Allow faded altars: false
     0 | D:1      | 0 ||| qw: Do Orc after clearing Dungeon:15 true
     0 | D:1      | 0 ||| qw: Do second Lair branch before Depths: true
     0 | D:1      | 0 ||| qw: Lair rune preference: random
     0 | D:1      | 0 ||| qw: Goals: Normal
     0 | D:1      | 0 ||| PLANNING D:1-11
   205 | D:1      | Reached XP level 2. HP: 17/17 MP: 2/2
   503 | D:1      | 503 ||| READING 3 scrolls labelled VIOKHL ILI ITTE.
   504 | D:1      | 504 ||| READING scroll labelled NEITSOTHEHUG.
   505 | D:1      | 505 ||| READING scroll labelled YRA PUABEOSTOD.
   506 | D:1      | 506 ||| READING scroll labelled ARYCIC DIUNLI.
   506 | D:1      | Identified a scroll of acquirement
   506 | D:1      | 506 ||| ACQUIRING +1 shortbow of freezing
   506 | D:1      | Acquired a +1 shortbow of freezing
   508 | D:1      | 508 ||| SWAPPING to +1 shortbow of freezing.
   509 | D:1      | 509 ||| DROPPING +0 shortbow.
   510 | D:1      | 510 ||| READING scroll labelled DAC RUATAL.
   511 | D:1      | 511 ||| DRINKING 2 fizzy clear potions.
   512 | D:1      | 512 ||| DROPPING scroll of butterflies.
   537 | D:2      | Reached skill level 5 in Ranged Weapons
   537 | D:2      | Reached XP level 3. HP: 21/21 MP: 3/3
   621 | D:2      | 621 ||| Stepping ~*~*~tactically~*~*~ (retreating).
   628 | D:2      | Reached skill level 3 in Fighting
   628 | D:2      | 628 ||| FLEEEEING.
   629 | D:2      | 629 ||| FLEEEEING.
   630 | D:2      | 630 ||| FLEEEEING.
   631 | D:2      | 631 ||| FLEEEEING.
   632 | D:2      | 632 ||| FLEEEEING.
   633 | D:2      | 633 ||| FLEEEEING.
   634 | D:2      | 634 ||| FLEEEEING.
   635 | D:2      | 635 ||| FLEEEEING.
   636 | D:2      | 636 ||| FLEEEEING.
   637 | D:2      | 637 ||| FLEEEEING.
   638 | D:2      | 638 ||| FLEEEEING.
   639 | D:2      | 639 ||| FLEEEEING.
   640 | D:2      | 640 ||| FLEEEEING.
   641 | D:2      | 641 ||| FLEEEEING.
   642 | D:2      | 642 ||| FLEEEEING.
   643 | D:2      | 643 ||| FLEEEEING.
   644 | D:2      | 644 ||| FLEEEEING.
   645 | D:2      | 645 ||| FLEEEEING.
   646 | D:2      | 646 ||| FLEEEEING.
   647 | D:2      | 647 ||| FLEEEEING.
   648 | D:2      | 648 ||| FLEEEEING.
   649 | D:2      | 649 ||| FLEEEEING.
   650 | D:2      | 650 ||| FLEEEEING.
   651 | D:2      | 651 ||| FLEEEEING.
   652 | D:2      | 652 ||| FLEEEEING.
   653 | D:2      | 653 ||| FLEEEEING.
   654 | D:2      | 654 ||| FLEEEEING.
   655 | D:2      | 655 ||| FLEEEEING.
   656 | D:2      | 656 ||| FLEEEEING.
   657 | D:2      | 657 ||| FLEEEEING.
   658 | D:2      | 658 ||| FLEEEEING.
   659 | D:2      | 659 ||| FLEEEEING.
   660 | D:2      | 660 ||| FLEEEEING.
   661 | D:2      | 661 ||| FLEEEEING.
   662 | D:2      | 662 ||| FLEEEEING.
   663 | D:2      | 663 ||| FLEEEEING.
   664 | D:2      | 664 ||| STAIRDANCE
   698 | D:1      | 698 ||| READING scroll labelled TYMESE JIUB.
   699 | D:1      | 699 ||| READING 2 scrolls of identify.
   699 | D:1      | 699 ||| IDENTIFYING smoky cyan potion
   700 | D:1      | 700 ||| DROPPING potion of magic.
   707 | D:2      | Reached XP level 4. HP: 26/28 MP: 4/4
  1005 | D:2      | Found a faded altar of an unknown god.
  1167 | D:2      | Reached XP level 5. HP: 31/32 MP: 5/5
  1365 | D:2      | 1365 ||| UPGRADING to +0 ring mail.
  1375 | D:2      | 1375 ||| DROPPING +0 leather armour.
  1376 | D:2      | 1376 ||| UPGRADING to amulet of faith.
  1381 | D:2      | 1381 ||| READING scroll labelled ROEWOXU ONKET.
  1488 | D:3      | Reached skill level 1 in Armour
  1716 | D:3      | Found a shadowy altar of Dithmenos.
  1717 | D:3      | 1717 ||| DROPPING amulet of magic regeneration.
  1718 | D:3      | 1718 ||| DRINKING 2 coppery potions.
  1757 | D:3      | Reached skill level 6 in Ranged Weapons
  1897 | D:3      | Identified the +11 trident of Desperation {chaos, rC+
                  | Dex+3}
  1996 | D:3      | Found a bloodstained altar of Trog.
  2181 | D:3      | 2181 ||| UPGRADING to +0 pair of gloves.
  2280 | D:4      | 2280 ||| SWAPPING to +0 longbow.
  2281 | D:4      | 2281 ||| DROPPING +2 shortbow of freezing.
  2307 | D:4      | Noticed a black bear
  2309 | D:4      | Killed a black bear
  2310 | D:4      | Reached XP level 6. HP: 40/40 MP: 6/6
  2404 | D:4      | Reached XP level 7. HP: 36/44 MP: 7/7
  2451 | D:4      | Noticed Menkaure
  2461 | D:4      | HP: 11/44 [Menkaure/nerve-wracking pain (6)]
  2464 | D:4      | Killed Menkaure
  2465 | D:4      | Reached skill level 7 in Ranged Weapons
  2541 | D:4      | 2541 ||| FLEEEEING.
  2542 | D:4      | 2542 ||| FLEEEEING.
  2543 | D:4      | 2543 ||| FLEEEEING.
  2546 | D:4      | 2546 ||| FLEEEEING.
  2547 | D:4      | 2547 ||| FLEEEEING.
  2548 | D:4      | 2548 ||| FLEEEEING.
  2549 | D:4      | 2549 ||| FLEEEEING.
  2551 | D:4      | 2551 ||| FLEEEEING.
  2552 | D:4      | 2552 ||| FLEEEEING.
  2553 | D:4      | 2553 ||| FLEEEEING.
  2554 | D:4      | 2554 ||| FLEEEEING.
  2555 | D:4      | 2555 ||| FLEEEEING.
  2556 | D:4      | 2556 ||| FLEEEEING.
  2557 | D:4      | 2557 ||| FLEEEEING.
  2558 | D:4      | 2558 ||| FLEEEEING.
  2559 | D:4      | 2559 ||| FLEEEEING.
  2563 | D:4      | 2563 ||| FLEEEEING.
  2564 | D:4      | 2564 ||| STAIRDANCE
  3041 | D:5      | Entered Level 5 of the Dungeon
  3042 | D:5      | 3042 ||| PLANNING OSSUARY
  3047 | D:5      | Found a staircase to the Ecumenical Temple.
  3053 | D:5      | Noticed Pikel
  3062 | D:5      | 3062 ||| Stepping ~*~*~tactically~*~*~ (retreating).
  3063 | D:5      | 3063 ||| Stepping ~*~*~tactically~*~*~ (retreating).
  3064 | D:5      | 3064 ||| Stepping ~*~*~tactically~*~*~ (retreating).
  3065 | D:5      | 3065 ||| Stepping ~*~*~tactically~*~*~ (retreating).
  3066 | D:5      | 3066 ||| Stepping ~*~*~tactically~*~*~ (retreating).
  3067 | D:5      | 3067 ||| Stepping ~*~*~tactically~*~*~ (retreating).
  3068 | D:5      | 3068 ||| Stepping ~*~*~tactically~*~*~ (retreating).
  3072 | D:5      | Killed Pikel
  3073 | D:5      | Reached skill level 9 in Ranged Weapons
  3073 | D:5      | Reached XP level 8. HP: 30/48 MP: 8/8
  3177 | D:5      | 3177 ||| RETREEAATING.
  3178 | D:5      | 3178 ||| STILL RETREEAATING.
  3274 | D:5      | Noticed Edmund
  3292 | D:5      | Killed Edmund
  3293 | D:5      | Reached skill level 6 in Fighting
  3379 | D:5      | 3379 ||| Stepping ~*~*~tactically~*~*~ (retreating).
  3510 | D:5      | Found a sand-covered staircase.
  3553 | D:5      | 3553 ||| UPGRADING to +2 robe of willpower.
  3563 | D:5      | 3563 ||| DROPPING +0 ring mail.
  3564 | D:5      | 3564 ||| DRINKING 3 sedimented pink potions.
  3565 | D:5      | 3565 ||| READING 2 scrolls of identify.
  3565 | D:5      | 3565 ||| IDENTIFYING green potion
  3569 | Ossuary  | Entered an ossuary
  3582 | Ossuary  | Reached skill level 10 in Ranged Weapons
  3585 | Ossuary  | Reached XP level 9. HP: 55/55 MP: 9/9
  3665 | Ossuary  | Reached skill level 3 in Dodging
  3794 | Ossuary  | 3794 ||| RETREEAATING.
  3795 | Ossuary  | 3795 ||| STILL RETREEAATING.
  3796 | Ossuary  | 3796 ||| STILL RETREEAATING.
  3966 | Ossuary  | 3966 ||| DROPPING ring of wizardry.
  3967 | Ossuary  | 3967 ||| UPGRADING to +4 ring of protection.
  3968 | Ossuary  | 3968 ||| READING 3 scrolls labelled NEIXZU NIHEOS.
  3969 | Ossuary  | 3969 ||| READING scroll labelled WIFEROBIUL.
  3970 | Ossuary  | 3970 ||| DROPPING 2 scrolls of fear.
  4007 | D:5      | 4007 ||| PLANNING TEMPLE
  4067 | Temple   | Entered the Ecumenical Temple
  4068 | Temple   | 4068 ||| PLANNING OKAWARU WORSHIP
  4086 | Temple   | Became a worshipper of Warmaster Okawaru
  4087 | Temple   | 4087 ||| PLANNING D:1-11
  4425 | D:5      | 4425 ||| READING scroll labelled ULOEREMOTH.
  4641 | D:6      | Reached skill level 11 in Ranged Weapons
  4758 | D:6      | Reached * piety under Okawaru
  4778 | D:6      | Found a runed translucent door.
  4778 | D:6      | Noticed qw's ghost (weakling MiHs)
  4797 | D:6      | Noticed Jeremiah
  4810 | D:6      | 4810 ||| READING 2 scrolls of identify.
  4810 | D:6      | 4810 ||| IDENTIFYING blue potion
  4832 | D:6      | 4832 ||| FLEEEEING.
  4833 | D:6      | 4833 ||| FLEEEEING.
  4843 | D:6      | 4843 ||| FLEEEEING.
  4869 | D:6      | 4869 ||| INVOKING Heroism.
  4960 | D:6      | 4960 ||| RETREEAATING.
  4961 | D:6      | 4961 ||| STILL RETREEAATING.
  4962 | D:6      | 4962 ||| STILL RETREEAATING.
  4963 | D:6      | 4963 ||| STILL RETREEAATING.
  4964 | D:6      | 4964 ||| STILL RETREEAATING.
  4965 | D:6      | 4965 ||| STILL RETREEAATING.
  4967 | D:6      | 4967 ||| Stepping ~*~*~tactically~*~*~ (retreating).
  4979 | D:6      | 4979 ||| INVOKING Heroism.
  4984 | D:6      | Reached skill level 1 in Invocations
  5125 | D:6      | 5125 ||| INVOKING Heroism.
  5157 | D:6      | Killed Jeremiah
  5158 | D:6      | Reached XP level 10. HP: 19/64 MP: 10/10
  5814 | D:6      | 5814 ||| UPGRADING to ring of positive energy.
  5815 | D:6      | 5815 ||| READING 3 scrolls labelled WAN FIEVVILLOA.
  5848 | D:6      | 5848 ||| READING scroll labelled ZAUMAI SUASI.
  5943 | D:7      | 5943 ||| FLEEEEING.
  5945 | D:7      | 5945 ||| FLEEEEING.
  5946 | D:7      | 5946 ||| FLEEEEING.
  6038 | D:7      | Reached skill level 12 in Ranged Weapons
  6044 | D:7      | 6044 ||| READING scroll of enchant weapon.
  6044 | D:7      | 6044 ||| ENCHANTING +0 longbow.
  6083 | D:7      | 6083 ||| INVOKING Heroism.
  6084 | D:7      | 6084 ||| Stepping ~*~*~tactically~*~*~ (cloud).
  6184 | D:7      | Reached skill level 3 in Invocations
  6232 | D:7      | 6232 ||| INVOKING Heroism.
  6270 | D:7      | Found a white marble altar of Elyvilon.
  6276 | D:7      | Found a sacrificial altar of Ru.
  6281 | D:7      | Found a sparkling altar of Nemelex Xobeh.
  6345 | D:7      | 6345 ||| INVOKING Heroism.
  6510 | D:8      | 6510 ||| STAIRDANCE
  6517 | D:8      | 6517 ||| STAIRDANCE
  6710 | D:8      | 6710 ||| RETREEAATING.
  6713 | D:8      | 6713 ||| STILL RETREEAATING.
  6714 | D:8      | 6714 ||| STILL RETREEAATING.
  6715 | D:8      | 6715 ||| STILL RETREEAATING.
  6716 | D:8      | 6716 ||| STILL RETREEAATING.
  6733 | D:8      | Reached ** piety under Okawaru
  6851 | D:8      | 6851 ||| INVOKING Heroism.
  7094 | D:8      | Reached skill level 13 in Ranged Weapons
  7152 | D:8      | Found a flagged portal.
  7178 | D:8      | 7178 ||| READING 2 scrolls labelled RAIPELLOURPH.
  7179 | D:8      | 7179 ||| DRINKING 2 glowing yellow potions.
  7180 | D:8      | 7180 ||| DRINKING 2 white potions.
  7205 | D:8      | 7205 ||| DROPPING potion of degeneration.
  7206 | D:8      | 7206 ||| DROPPING potion of lignification.
  7207 | D:8      | 7207 ||| DROPPING scroll of immolation.
  7214 | D:9      | 7214 ||| STAIRDANCE
  7223 | D:8      | 7223 ||| INVOKING Heroism.
  7381 | D:9      | 7381 ||| FLEEEEING.
  7383 | D:9      | 7383 ||| FLEEEEING.
  7384 | D:9      | 7384 ||| FLEEEEING.
  7390 | D:9      | 7390 ||| FLEEEEING.
  7391 | D:9      | 7391 ||| FLEEEEING.
  7395 | D:9      | 7395 ||| FLEEEEING.
  7396 | D:9      | 7396 ||| FLEEEEING.
  7397 | D:9      | 7397 ||| FLEEEEING.
  7398 | D:9      | 7398 ||| FLEEEEING.
  7399 | D:9      | 7399 ||| FLEEEEING.
  7400 | D:9      | 7400 ||| FLEEEEING.
  7401 | D:9      | 7401 ||| FLEEEEING.
  7402 | D:9      | 7402 ||| FLEEEEING.
  7407 | D:9      | 7407 ||| STAIRDANCE
  7457 | D:8      | 7457 ||| READING 2 scrolls of identify.
  7457 | D:8      | 7457 ||| IDENTIFYING brown potion
  7458 | D:8      | 7458 ||| DROPPING potion of berserk rage.
  7469 | D:9      | 7469 ||| STAIRDANCE
  7641 | D:9      | Noticed a two-headed ogre
  7642 | D:9      | 7642 ||| INVOKING Heroism.
  7650 | D:9      | Killed a two-headed ogre
  7650 | D:9      | Reached *** piety under Okawaru
  7651 | D:9      | Reached skill level 9 in Fighting
  7651 | D:9      | Reached XP level 11. HP: 58/71 MP: 12/14
  7655 | D:9      | Noticed Prince Ribbit
  7668 | D:9      | 7668 ||| INVOKING Heroism.
  7669 | D:9      | Killed Prince Ribbit
  7730 | D:9      | 7730 ||| FLEEEEING.
  7733 | D:9      | 7733 ||| FLEEEEING.
  7734 | D:9      | 7734 ||| FLEEEEING.
  7848 | D:9      | 7848 ||| INVOKING Heroism.
  7943 | D:9      | 7943 ||| INVOKING Heroism.
  7946 | D:9      | Noticed a centaur warrior
  7948 | D:9      | Killed a centaur warrior
  7968 | D:9      | 7968 ||| FLEEEEING.
  7974 | D:9      | 7974 ||| STAIRDANCE
  8029 | D:8      | 8029 ||| UPGRADING to ring of see invisible.
  8031 | D:8      | 8031 ||| DRINKING 2 fizzy dark potions.
  8032 | D:8      | 8032 ||| READING 4 scrolls of identify.
  8032 | D:8      | 8032 ||| IDENTIFYING ruby potion
  8033 | D:8      | 8033 ||| READING 3 scrolls of identify.
  8033 | D:8      | 8033 ||| IDENTIFYING glowing emerald potion
  8059 | D:9      | Noticed a manticore
  8059 | D:9      | Noticed a centaur warrior
  8059 | D:9      | Noticed a purple ugly thing
  8060 | D:9      | 8060 ||| INVOKING Heroism.
  8061 | D:9      | Noticed a wizard
  8070 | D:9      | Reached skill level 14 in Ranged Weapons
  8073 | D:9      | Killed a centaur warrior
  8073 | D:9      | Reached **** piety under Okawaru
  8082 | D:9      | 8082 ||| Stepping ~*~*~tactically~*~*~ (retreating).
  8089 | D:9      | 8089 ||| INVOKING Heroism.
  8091 | D:9      | Killed a purple ugly thing
  8096 | D:9      | Killed a wizard
  8096 | D:9      | Noticed a centaur warrior
  8103 | D:9      | Killed a centaur warrior
  8103 | D:9      | Reached ***** piety under Okawaru
  8242 | D:9      | 8242 ||| INVOKING Heroism.
  8247 | D:9      | Killed a manticore
  8368 | D:9      | Identified the staff of Ru's Indignation {rPois Int+2
                  | Poison}
  8459 | D:9      | Noticed Erolcha
  8460 | D:9      | 8460 ||| INVOKING Heroism.
  8461 | D:9      | 8461 ||| INVOKING Finesse.
  8466 | D:9      | Killed Erolcha
  8472 | D:9      | Reached skill level 6 in Invocations
  8717 | D:10     | Entered Level 10 of the Dungeon
  8724 | D:10     | 8724 ||| INVOKING Heroism.
  8746 | D:10     | Found a staircase to the Orcish Mines.
  8778 | D:10     | 8778 ||| RETREEAATING.
  8780 | D:10     | 8780 ||| RETREEAATING.
  8782 | D:10     | 8782 ||| RETREEAATING.
  8798 | D:10     | 8798 ||| INVOKING Heroism.
  8799 | D:10     | Received a gift from Okawaru
  8910 | D:10     | Noticed a brown ugly thing
  8916 | D:10     | Killed a brown ugly thing
  8917 | D:10     | Reached XP level 12. HP: 77/77 MP: 17/17
  9013 | D:10     | 9013 ||| INVOKING Heroism.
  9176 | D:10     | Found Hocenlan's Distillery.
  9193 | D:10     | 9193 ||| BUYING potion of curing (48 gold).
  9193 | D:10     | Bought a potion of curing for 48 gold pieces
  9193 | D:10     | 9193 ||| BUYING potion of curing (48 gold).
  9193 | D:10     | Bought a potion of curing for 48 gold pieces
  9193 | D:10     | 9193 ||| BUYING potion of curing (48 gold).
  9193 | D:10     | Bought a potion of curing for 48 gold pieces
  9193 | D:10     | 9193 ||| BUYING potion of curing (48 gold).
  9193 | D:10     | Bought a potion of curing for 48 gold pieces
  9193 | D:10     | 9193 ||| BUYING potion of enlightenment (80 gold).
  9193 | D:10     | Bought a potion of enlightenment for 80 gold pieces
  9193 | D:10     | 9193 ||| BUYING potion of haste (160 gold).
  9193 | D:10     | Bought a potion of haste for 160 gold pieces
  9316 | D:10     | Noticed a two-headed ogre
  9321 | D:10     | 9321 ||| INVOKING Heroism.
  9322 | D:10     | Killed a two-headed ogre
  9562 | D:10     | 9562 ||| DROPPING ring of flight.
  9585 | D:11     | 9585 ||| STAIRDANCE
  9596 | D:11     | 9596 ||| STAIRDANCE
  9642 | D:11     | 9642 ||| STAIRDANCE
  9655 | D:11     | 9655 ||| STAIRDANCE
  9812 | D:11     | 9812 ||| INVOKING Heroism.
  9878 | D:11     | Noticed a two-headed ogre
  9884 | D:11     | Killed a two-headed ogre
  9885 | D:11     | Reached skill level 15 in Ranged Weapons
  9923 | D:11     | Identified the +1 leather armour of Kurghae {rPois Will+}
  9927 | D:11     | 9927 ||| FLEEEEING.
  9928 | D:11     | 9928 ||| FLEEEEING.
  9929 | D:11     | 9929 ||| FLEEEEING.
  9930 | D:11     | 9930 ||| FLEEEEING.
  9931 | D:11     | 9931 ||| FLEEEEING.
  9932 | D:11     | 9932 ||| FLEEEEING.
  9933 | D:11     | 9933 ||| FLEEEEING.
  9934 | D:11     | 9934 ||| FLEEEEING.
  9935 | D:11     | 9935 ||| FLEEEEING.
  9937 | D:11     | 9937 ||| FLEEEEING.
  9938 | D:11     | 9938 ||| FLEEEEING.
  9939 | D:11     | 9939 ||| FLEEEEING.
  9940 | D:11     | 9940 ||| FLEEEEING.
  9941 | D:11     | 9941 ||| FLEEEEING.
  9942 | D:11     | 9942 ||| FLEEEEING.
  9943 | D:11     | 9943 ||| FLEEEEING.
  9944 | D:11     | 9944 ||| FLEEEEING.
  9945 | D:11     | 9945 ||| FLEEEEING.
  9946 | D:11     | 9946 ||| FLEEEEING.
  9947 | D:11     | 9947 ||| FLEEEEING.
  9948 | D:11     | 9948 ||| FLEEEEING.
  9949 | D:11     | 9949 ||| FLEEEEING.
  9950 | D:11     | 9950 ||| FLEEEEING.
  9951 | D:11     | 9951 ||| FLEEEEING.
  9952 | D:11     | 9952 ||| FLEEEEING.
  9953 | D:11     | 9953 ||| FLEEEEING.
  9954 | D:11     | 9954 ||| FLEEEEING.
  9955 | D:11     | 9955 ||| FLEEEEING.
  9956 | D:11     | 9956 ||| FLEEEEING.
  9963 | D:11     | 9963 ||| FLEEEEING.
  9964 | D:11     | 9964 ||| FLEEEEING.
  9965 | D:11     | 9965 ||| FLEEEEING.
  9966 | D:11     | 9966 ||| FLEEEEING.
 10189 | D:11     | Found a staircase to the Lair.
 10221 | D:11     | 10221 ||| INVOKING Heroism.
 10286 | D:11     | Noticed Josephine
 10290 | D:11     | 10290 ||| RETREEAATING.
 10298 | D:11     | Killed Josephine
 10305 | D:11     | 10305 ||| INVOKING Heroism.
 10415 | D:11     | 10415 ||| RETREEAATING.
 10416 | D:11     | 10416 ||| STILL RETREEAATING.
 10422 | D:11     | 10422 ||| Stepping ~*~*~tactically~*~*~ (retreating).
 10423 | D:11     | 10423 ||| Stepping ~*~*~tactically~*~*~ (retreating).
 10424 | D:11     | 10424 ||| Stepping ~*~*~tactically~*~*~ (retreating).
 10425 | D:11     | 10425 ||| Stepping ~*~*~tactically~*~*~ (retreating).
 10426 | D:11     | 10426 ||| Stepping ~*~*~tactically~*~*~ (retreating).
 10434 | D:11     | Noticed a tengu warrior
 10441 | D:11     | 10441 ||| INVOKING Heroism.
 10452 | D:11     | HP: 18/77 [tengu warrior/+0 war axe (6)]
 10453 | D:11     | 10453 ||| READING 4 scrolls of teleportation.
 10454 | D:11     | 10454 ||| DRINKING potion of heal wounds.
 10455 | D:11     | Killed a tengu warrior
 10456 | D:11     | Reached skill level 9 in Invocations
 10818 | D:11     | Noticed a two-headed ogre
 10827 | D:11     | 10827 ||| INVOKING Heroism.
 10829 | D:11     | Killed a two-headed ogre
 11221 | D:11     | 11221 ||| PLANNING LAIR
 11221 | D:11     | 11221 ||| UPGRADING to +1 leather armour of Kurghae {rPois
                  | Will+}.
 11231 | D:11     | 11231 ||| DROPPING +2 robe of willpower.
 11232 | D:11     | 11232 ||| READING scroll labelled MOCHIECH GEZEWO.
 11254 | Lair:1   | Entered Level 1 of the Lair of Beasts
 11304 | Lair:1   | 11304 ||| INVOKING Heroism.
 11559 | Lair:1   | 11559 ||| RETREEAATING.
 11565 | Lair:1   | 11565 ||| Stepping ~*~*~tactically~*~*~ (retreating).
 11569 | Lair:1   | 11569 ||| RETREEAATING.
 11570 | Lair:1   | 11570 ||| STILL RETREEAATING.
 11577 | Lair:1   | 11577 ||| INVOKING Heroism.
 11581 | Lair:1   | Received a gift from Okawaru
 11732 | Lair:1   | 11732 ||| INVOKING Heroism.
 11734 | Lair:1   | 11734 ||| RETREEAATING.
 11740 | Lair:1   | 11740 ||| RETREEAATING.
 11745 | Lair:1   | 11745 ||| Stepping ~*~*~tactically~*~*~ (retreating).
 11747 | Lair:1   | 11747 ||| STILL RETREEAATING.
 11748 | Lair:1   | 11748 ||| Stepping ~*~*~tactically~*~*~ (retreating).
 11753 | Lair:1   | 11753 ||| STILL RETREEAATING.
 11754 | Lair:1   | 11754 ||| Stepping ~*~*~tactically~*~*~ (retreating).
 11755 | Lair:1   | 11755 ||| STILL RETREEAATING.
 11756 | Lair:1   | 11756 ||| Stepping ~*~*~tactically~*~*~ (retreating).
 11759 | Lair:1   | 11759 ||| Stepping ~*~*~tactically~*~*~ (retreating).
 11760 | Lair:1   | 11760 ||| Stepping ~*~*~tactically~*~*~ (retreating).
 11768 | Lair:1   | Reached skill level 16 in Ranged Weapons
 11808 | Lair:1   | 11808 ||| INVOKING Heroism.
 11815 | Lair:1   | 11815 ||| Stepping ~*~*~tactically~*~*~ (retreating).
 11816 | Lair:1   | 11816 ||| Stepping ~*~*~tactically~*~*~ (retreating).
 11817 | Lair:1   | 11817 ||| RETREEAATING.
 11818 | Lair:1   | 11818 ||| Stepping ~*~*~tactically~*~*~ (retreating).
 11819 | Lair:1   | 11819 ||| Stepping ~*~*~tactically~*~*~ (retreating).
 11820 | Lair:1   | 11820 ||| Stepping ~*~*~tactically~*~*~ (retreating).
 11821 | Lair:1   | 11821 ||| Stepping ~*~*~tactically~*~*~ (retreating).
 11822 | Lair:1   | 11822 ||| Stepping ~*~*~tactically~*~*~ (retreating).
 11833 | Lair:1   | Reached skill level 3 in Armour
 11881 | Lair:1   | 11881 ||| INVOKING Heroism.
 11957 | Lair:1   | Reached XP level 13. HP: 68/83 MP: 20/20
 12316 | Lair:2   | 12316 ||| RETREEAATING.
 12319 | Lair:2   | 12319 ||| STILL RETREEAATING.
 12320 | Lair:2   | 12320 ||| STILL RETREEAATING.
 12348 | Lair:2   | Found a large runed translucent door.
 12348 | Lair:2   | Found a large runed translucent door.
 12352 | Lair:2   | Noticed qw's ghost (journeyman MiHs)
 12533 | Lair:2   | 12533 ||| INVOKING Heroism.
 12557 | Lair:2   | 12557 ||| INVOKING Heroism.
 12558 | Lair:2   | 12558 ||| Stepping ~*~*~tactically~*~*~ (retreating).
 12560 | Lair:2   | 12560 ||| Stepping ~*~*~tactically~*~*~ (retreating).
 12561 | Lair:2   | 12561 ||| Stepping ~*~*~tactically~*~*~ (retreating).
 12562 | Lair:2   | 12562 ||| Stepping ~*~*~tactically~*~*~ (retreating).
 12611 | Lair:2   | 12611 ||| RETREEAATING.
 12618 | Lair:2   | 12618 ||| STILL RETREEAATING.
 12620 | Lair:2   | 12620 ||| STILL RETREEAATING.
 12626 | Lair:2   | 12626 ||| STILL RETREEAATING.
 12627 | Lair:2   | 12627 ||| STILL RETREEAATING.
 12628 | Lair:2   | 12628 ||| STILL RETREEAATING.
 12629 | Lair:2   | 12629 ||| STILL RETREEAATING.
 12630 | Lair:2   | 12630 ||| STILL RETREEAATING.
 12659 | Lair:2   | 12659 ||| INVOKING Heroism.
 12752 | Lair:2   | Found a staircase to the Snake Pit.
 12759 | Lair:2   | Identified the +0 ring mail "Usuex" {rC- Str+4}
 12812 | Lair:2   | 12812 ||| RETREEAATING.
 12814 | Lair:2   | 12814 ||| Stepping ~*~*~tactically~*~*~ (retreating).
 12815 | Lair:2   | 12815 ||| Stepping ~*~*~tactically~*~*~ (retreating).
 12816 | Lair:2   | 12816 ||| Stepping ~*~*~tactically~*~*~ (retreating).
 12817 | Lair:2   | 12817 ||| Stepping ~*~*~tactically~*~*~ (retreating).
 12818 | Lair:2   | 12818 ||| Stepping ~*~*~tactically~*~*~ (retreating).
 13127 | Lair:2   | 13127 ||| FLEEEEING.
 13128 | Lair:2   | 13128 ||| FLEEEEING.
 13209 | Lair:2   | Found a staircase to the Swamp.
 13303 | Lair:2   | 13303 ||| DROPPING +0 ring mail "Usuex" {rC- Str+4}.
 13304 | Lair:2   | 13304 ||| UPGRADING to +2 robe of cold resistance.
 13314 | Lair:2   | 13314 ||| READING 5 scrolls of identify.
 13314 | Lair:2   | 13314 ||| IDENTIFYING fuming silvery potion
 13315 | Lair:2   | 13315 ||| DROPPING potion of attraction.
 13367 | Lair:3   | Reached skill level 17 in Ranged Weapons
 13474 | Lair:3   | 13474 ||| RETREEAATING.
 13478 | Lair:3   | 13478 ||| Stepping ~*~*~tactically~*~*~ (retreating).
 13479 | Lair:3   | 13479 ||| Stepping ~*~*~tactically~*~*~ (retreating).
 13480 | Lair:3   | 13480 ||| Stepping ~*~*~tactically~*~*~ (retreating).
 13481 | Lair:3   | 13481 ||| Stepping ~*~*~tactically~*~*~ (retreating).
 13482 | Lair:3   | 13482 ||| Stepping ~*~*~tactically~*~*~ (retreating).
 13485 | Lair:3   | 13485 ||| INVOKING Heroism.
 13492 | Lair:3   | Received a gift from Okawaru
 13654 | Lair:3   | 13654 ||| INVOKING Heroism.
 13728 | Lair:3   | 13728 ||| INVOKING Heroism.
 13730 | Lair:3   | 13730 ||| INVOKING Finesse.
 13741 | Lair:3   | Reached skill level 6 in Dodging
 13789 | Lair:3   | 13789 ||| RETREEAATING.
 13790 | Lair:3   | 13790 ||| Stepping ~*~*~tactically~*~*~ (retreating).
 13791 | Lair:3   | 13791 ||| Stepping ~*~*~tactically~*~*~ (retreating).
 13976 | Lair:3   | Noticed qw's ghost (journeyman MiHs)
 14154 | Lair:3   | Found a transporter.
 14199 | Lair:3   | 14199 ||| RETREEAATING.
 14201 | Lair:3   | 14201 ||| RETREEAATING.
 14202 | Lair:3   | 14202 ||| INVOKING Heroism.
 14223 | Lair:3   | 14223 ||| RETREEAATING.
 14227 | Lair:3   | 14227 ||| Stepping ~*~*~tactically~*~*~ (retreating).
 14229 | Lair:3   | 14229 ||| Stepping ~*~*~tactically~*~*~ (retreating).
 14230 | Lair:3   | 14230 ||| Stepping ~*~*~tactically~*~*~ (retreating).
 14231 | Lair:3   | 14231 ||| Stepping ~*~*~tactically~*~*~ (retreating).
 14232 | Lair:3   | 14232 ||| Stepping ~*~*~tactically~*~*~ (retreating).
 14233 | Lair:3   | 14233 ||| Stepping ~*~*~tactically~*~*~ (retreating).
 14285 | Lair:3   | 14285 ||| INVOKING Heroism.
 14286 | Lair:3   | 14286 ||| STAIRDANCE
 14579 | Lair:3   | Found a transporter.
 14657 | Lair:3   | 14657 ||| INVOKING Heroism.
 14810 | Lair:4   | 14810 ||| STAIRDANCE
 14820 | Lair:4   | 14820 ||| INVOKING Heroism.
 14825 | Lair:4   | 14825 ||| STAIRDANCE
 14985 | Lair:4   | 14985 ||| Stepping ~*~*~tactically~*~*~ (retreating).
 14989 | Lair:4   | 14989 ||| Stepping ~*~*~tactically~*~*~ (retreating).
 14990 | Lair:4   | 14990 ||| Stepping ~*~*~tactically~*~*~ (retreating).
 14991 | Lair:4   | 14991 ||| Stepping ~*~*~tactically~*~*~ (retreating).
 14992 | Lair:4   | 14992 ||| Stepping ~*~*~tactically~*~*~ (retreating).
 14993 | Lair:4   | 14993 ||| Stepping ~*~*~tactically~*~*~ (retreating).
 15003 | Lair:4   | 15003 ||| INVOKING Heroism.
 15008 | Lair:4   | HP: 11/84 [elephant (14)]
 15009 | Lair:4   | 15009 ||| READING 3 scrolls of teleportation.
 15009 | Lair:4   | HP: 3/84 [elephant (9)]
 15010 | Lair:4   | Slain by an elephant

Levels and vault maps discovered:
D:1:      wander_arrival_abandoned_jail, layout_rooms, serial_park_tiny_pond
D:2:      layout_basic, shapermc_ecumenical_altar_pompeii
D:3:      layout_basic, nicolae_dithmenos_through_a_glass_darkly,
          mainiacjoe_overflow_catwalk, kennysheep_potato
D:4:      layout_basic, uniq_menkaure
D:5:      minmay_skewed_foursquare, layout_rooms,
          minmay_temple_entry_antechambers,
          nicolae_ossuary_entry_false_entrances, moated_statue, uniq_pikel,
          uniq_edmund
D:6:      layout_basic, hellmonk_ghost_happy_afterlife, uniq_jeremiah
D:7:      layout_basic, minmay_overflow_temple_star_quad
D:8:      layout_rooms, enter_bailey_4
D:9:      minmay_the_grid_triangle_9x9_recursive_2
          [minmay_the_grid_triangle_9x9_prize_top_heavy,
          minmay_the_grid_triangle_9x9_corrupted_corridor,
          minmay_the_grid_triangle_9x9_pentomino_pain,
          minmay_the_grid_triangle_9x9_limited_checkers], layout_basic,
          corner_web_ring, uniq_erolcha, uniq_prince_ribbit1
D:10:     layout_cave_pools, orc_david_3, serial_shops, shop
D:11:     layout_cave_pods, grunt_lair_entry_orc_guard_hut, uniq_josephine
Temple:   nicolae_temple_bog_church
Lair:1:   layout_concentric_octagons
Lair:2:   layout_chaotic_city, nicolae_swamp_entry_splash_gauntlet,
          guppyfry_snake_entry_garden, ebering_ghost_disaster_area
Lair:3:   layout_layer_cave, gammafunk_ghost_berserking_beasts,
          dreamdust_gnoll_shepherd
Lair:4:   layout_cave_pods, slime_entry_1, hangedman_lair_unloving_vines

Skill      XL: |  1  2  3  4  5  6  7  8  9 10 11 12 13 |
---------------+----------------------------------------+-----
Ranged Weapons | 5 6 9 10 11 13 14 16 17 | 17.8
Fighting       | 3 4 6 8 9 10 11 | 11.0
Armour         | 1 2 3 |  3.1
Dodging        | 2 3 4 5 6 |  6.2
Invocations    | 1 4 6 10 | 10.0
Stealth        | |  1.1

Action                     |  1- 3 |  4- 6 |  7- 9 | 10-12 | 13-15 || total
---------------------------+-------+-------+-------+-------+-------++-------
   Fire: Shortbow          |    94 |    84 |       |       |       ||   178
         Longbow           |       |    16 |   352 |   748 |   341 ||  1457
 Invoke: Heroism           |       |       |     3 |    27 |    11 ||    41
         Finesse           |       |       |       |     1 |     1 ||     2
    Use: Scroll            |     7 |     1 |     5 |     9 |     2 ||    24
         Potion            |     1 |     1 |     1 |     4 |       ||     7
 Armour: Leather armour    |    26 |     8 |       |    36 |    45 ||   115
         Ring mail         |       |    20 |    67 |       |       ||    87
         Robe              |       |       |    81 |   313 |    98 ||   492
  Dodge: Dodged            |    25 |    20 |   157 |   378 |   161 ||   741

Table legend:
 A = Non-vault XP
 B = Vault XP
 C = Vault XP percentage of total XP
 D = Non-vault monster count
 E = Vault monster count
 F = Vault count percentage of total count
                 A         B        C        D         E       F
            +---------+---------+-------+---------+---------+-------
      Total |   34622 |   15656 |  31.1 |     285 |      83 |  22.6
            +---------+---------+-------+---------+---------+-------
        D:1 |      30 |       0 |   0.0 |      18 |       0 |   0.0
        D:2 |     135 |       0 |   0.0 |      14 |       0 |   0.0
        D:3 |      98 |      13 |  11.7 |      15 |       1 |   6.2
        D:4 |     524 |     169 |  24.4 |      16 |       1 |   5.9
        D:5 |     487 |    1000 |  67.2 |      16 |       8 |  33.3
        D:6 |    1029 |     382 |  27.1 |      19 |       1 |   5.0
        D:7 |     986 |       0 |   0.0 |      35 |       0 |   0.0
        D:8 |    2268 |      11 |   0.5 |      18 |       5 |  21.7
        D:9 |    2168 |    6220 |  74.2 |      19 |      13 |  40.6
       D:10 |    3160 |     263 |   7.7 |      19 |       5 |  20.8
       D:11 |    3900 |    2791 |  41.7 |      16 |      11 |  40.7
     Lair:1 |    5402 |       0 |   0.0 |      27 |       0 |   0.0
     Lair:2 |    3956 |    3155 |  44.4 |      19 |       8 |  29.6
     Lair:3 |    9310 |     668 |   6.7 |      29 |       4 |  12.1
     Lair:4 |    1169 |       0 |   0.0 |       5 |       0 |   0.0
    Ossuary |       0 |     984 | 100.0 |       0 |      26 | 100.0
            +---------+---------+-------+---------+---------+-------
